 Dungeon Crawl Stone Soup version 0.29.1-12-g30fa7ad0bf (webtiles) character file.

Game seed: 1417330556621956643

44003 nachturnus the Bludgeoner (level 13, 0/87 (180) HPs)
             Began as a Troll Monk on Jan 7, 2023.
             Was the Champion of Dithmenos.
             Slain by Rupert
             ... wielding a +5 great mace of draining
              (3 damage)
             ... on level 2 of the Orcish Mines on Jan 8, 2023.
             The game lasted 01:10:49 (16502 turns).

nachturnus the Bludgeoner (Troll Monk)             Turns: 16502, Time: 01:10:49

HP:   0/87 (180)    AC: 30    Str: 26    XL:     13   Next: 93%
MP:   12/12         EV:  1    Int:  6    God:    Dithmenos [******]
Gold: 360           SH: 24    Dex: 12    Spells: 12/12 levels left

rFire   . . .      SeeInvis .     - Unarmed
rCold   . . .      Faith    .   m - +3 tower shield of Music {Contam Will+ Regen+ Stlth+}
rNeg    . . .      Spirit   .   (body armour currently unavailable)
rPois   +          Reflect  +   (helmet currently unavailable)
rElec   .          Harm     .   (cloak currently unavailable)
rCorr   .          Rampage  .   (gloves unavailable)
Will    +....      NoTele   +   (boots unavailable)
Stlth   ++++......              l - amulet of reflection
HPRegen 1.84/turn               v - +4 ring of evasion
MPRegen 0.13/turn               s - +4 ring of protection

@: tree-form, wreathed by umbra, studying Spellcasting, extremely drained,
unable to read
A: stationary, stasis, torment immunity, boosted hp, large, unfitting armour,
(claws 3), regeneration 1, (shaggy fur 2), (tough skin 1), inability to read
after injury 1
a: Renounce Religion, Shadow Step, Shadow Form


You were on level 2 of the Orcish Mines.
You worshipped Dithmenos.
Dithmenos was exalted by your worship.
You were a tree.
You visited 5 branches of the dungeon, and saw 18 of its levels.
You also visited: Bailey and Volcano.

You collected 1256 gold pieces.
You spent 896 gold pieces at shops.

Inventory:

Hand Weapons
 t - a +2 giant spiked club
 z - the +4 dagger "Morg" {pain, Will+ Int+5}
   (You found it on level 5 of the Dungeon)

   In the hands of one skilled in necromantic magic, it inflicts extra damage on
   living creatures.
   Int:       It affects your intelligence (+5).
   Will:      It increases your willpower.
 A - a +1 vorpal mace
 S - a +1 glaive of flaming
 T - a +1 dire flail of protection
Armour
 a - a +1 robe
 j - an orb of mayhem
 m - the +3 tower shield of Music (worn) {Contam Will+ Regen+ Stlth+}
   (You found it on level 1 of the Lair of Beasts)

   Contam:    It causes magical contamination when unequipped.
   Regen:     It increases your rate of health regeneration.
   Will:      It increases your willpower.
   Stlth:     It makes you more stealthy.
 D - a +1 cloak
 H - a +1 cloak of fire resistance (melded)
 N - +0 acid dragon scales
 P - +1 fire dragon scales (melded)
 Q - a +0 troll leather armour
Jewellery
 k - a ring of poison resistance
 l - an amulet of reflection (around neck)
 q - a +6 ring of dexterity
 s - a +4 ring of protection (right branch)
 v - a +4 ring of evasion (left branch)
 w - an amulet of guardian spirit
 K - the amulet of Ashenzari's Regard {Fragile rElec Regen+ Int+3}
   (You found it on level 9 of the Dungeon)

   [amulet of regeneration]

   Int:       It affects your intelligence (+3).
   rElec:     It insulates you from electricity.
   Regen:     It increases your rate of health regeneration.
   Fragile:   It will be destroyed if unequipped.
Wands
 e - a wand of quicksilver (2)
 i - a wand of roots (22)
 C - a wand of digging (4)
 E - a wand of polymorph (13)
 I - a wand of flame (35)
 J - a wand of charming (7)
Scrolls
 d - 3 scrolls of teleportation
 g - 6 scrolls of amnesia
 o - 4 scrolls of poison
 u - 2 scrolls of magic mapping
 y - 2 scrolls of identify
 G - 6 scrolls of fog
 M - 3 scrolls of fear
 U - a scroll of silence
Potions
 b - 12 potions of ambrosia
 f - 5 potions of curing
 h - 8 potions of brilliance
 n - a potion of berserk rage
 p - 2 potions of mutation
 r - 2 potions of flight
 x - 5 potions of magic
 F - 2 potions of cancellation


   Skills:
 - Level 5.9 Fighting
 - Level 15.4 Maces & Flails
 - Level 2.4 Dodging
 - Level 1.0 Stealth
 + Level 10.8 Shields
 + Level 11.1 Unarmed Combat


You had 12 spell levels left.
You didn't know any spells.
Your spell library contained the following spells:

 Spells                   Type           Power      Damage    Failure   Level
 Beastly Appendage        Tmut           0%         N/A       88%         1
 Necrotise                Necr           0%         1d4       88%         1
 Sting                    Tmut/Pois      0%         1d3       88%         1
 Poisonous Vapours        Pois/Air       0%         N/A       96%         2
 Wereblood                Tmut           0%         N/A       96%         2
 Dazzling Flash           Conj/Hex       0%         N/A       99%         3
 Gell's Gravitas          Tloc           0%         N/A       99%         3
 Spider Form              Tmut/Pois      0%         N/A       99%         3
 Teleport Other           Tloc           0%         N/A       99%         3
 Vampiric Draining        Necr           0%         2d6       99%         3
 Hailstorm                Conj/Ice       0%         3d3       100%        4
 Iskenderun's Mystic Bla  Conj/Tloc      0%         2d3       100%        4
 Summon Ice Beast         Ice/Summ       0%         N/A       100%        4
 Agony                    Necr           0%         N/A       100%        5
 Dispersal                Tloc           0%         N/A       100%        6
 Starburst                Conj/Fire      0%         6d3       100%        6
 Chain Lightning          Conj/Air       0%         N/A       100%        9
 Fire Storm               Conj/Fire      0%         5d1       100%        9
 Polar Vortex             Ice            0%         N/A       100%        9
 Shatter                  Erth           0%         3d5*      100%        9


Dungeon Overview and Level Annotations

Branches:
Dungeon (11/15)            Temple (1/1) D:7            Lair (3/5) D:8
  Swamp (0/4) Lair:2       Spider (1/4) Lair:2          Orc (2/2) D:11
 Bailey (visited)         Volcano (visited)
    Elf: Orc:2

Altars:
Ashenzari
Cheibriados
Dithmenos
Elyvilon
Fedhas
Gozag
Hepliaklqana
Kikubaaqudgha
Makhleb
Nemelex Xobeh
Okawaru
Qazlal
Ru
Sif Muna
Trog
Uskayaw
Vehumet
Wu Jian
Xom
Yredelemnul
Zin
The Shining One

Shops:
D:8 [   Orc:1 ?(?

Portals:
Abyss: Lair:2
Trove: D:11 (give 13 scrolls of teleportation)

Annotations:
D:9 exclusion: 2 oklob saplings
Lair:2 2 transporters, croobank's ghost, journeyman DsCj
Orc:2 Rupert


Innate Abilities, Weirdness & Mutations

You are a tree.
Your roots penetrate the ground, keeping you stationary.
You cannot be teleported.
You are immune to unholy pain and torment.
Your maximum health is greatly increased.
Your equipment is partially melded.
You are too large for most types of armour.
((You have claws for hands.))
Your natural rate of healing is unusually fast.
((You are covered in thick fur. (AC +2)))
((You have tough skin. (AC +1)))
You occasionally lose the ability to read scrolls when taking damage.


Message History

You easily resist.
Unknown command.
Rupert screams, "Hurray!"
Rupert roars madly and goes into a rage!
Rupert goes berserk!
You hit Rupert.
Rupert is lightly wounded.
Your shadow hits Rupert but does no damage.
You block Rupert's attack.
Rupert hits you with a +5 great mace of draining.
You feel drained.
You pummel Rupert!!
Rupert is lightly wounded.
Rupert hits you with a +5 great mace of draining!!!
You emit a cloud of dark smoke.
You feel drained.
You barely miss Rupert.
Rupert is lightly wounded.
Rupert completely misses you.
Rupert hits you with a +5 great mace of draining.
You feel drained.
You smack Rupert!
Rupert is lightly wounded.
You block Rupert's attack.
You pummel Rupert!!
Rupert is moderately wounded.
Your shadow hits Rupert. You block Rupert's attack.
Rupert hits you with a +5 great mace of draining!!!
You feel threatened and lose the ability to read scrolls!
* * * LOW HITPOINT WARNING * * *
You emit a cloud of dark smoke.
You feel drained.
* * * LOW HITPOINT WARNING * * *
You pummel Rupert!!
Rupert is heavily wounded.
You block Rupert's attack.
You hit Rupert.
Rupert is heavily wounded.
Rupert hits you with a +5 great mace of draining!
* * * LOW HITPOINT WARNING * * *
You feel drained.
You die...

.....## #.#........####..#
......###...........).#..#
.......###.........#)...##
..<....#..........##...###
.......#.........#.......#
......###.......##.......#
..@..####......))...##...##
#...##.........§##§.......#
#...#........##§♣§§.......#
............###@§§§.......#
..[)o......###§§§§§.....#.#
......[..###.....).<....###
...oo..###..............#
...[[.##......##.......##
....)oo......####..)..##
.....o.....### ##...##
......)##### #####


You could see Rupert (berserk).

Vanquished Creatures
  An ettin (Orc:2)
  Josephine (D:10)
  A fire dragon (Volcano)
  A hydra (Lair:2)
  2 vault guards (Bailey)
  8 two-headed ogres
  4 lindwurms (Volcano)
  An orc knight (Orc:1)
  An orc sorcerer (Orc:1)
  An ugly thing (D:11)
  A manticore (D:11)
  An elephant (D:8)
  2 cane toads (Lair:1)
  3 smoke demons (Volcano)
  A rime drake (Lair:1)
  Maggie (D:10)
  7 komodo dragons
  A queen bee (D:11)
  A troll (Orc:1)
  A hornet (D:9)
  5 polar bears
  3 blink frogs (Lair:1)
  Prince Ribbit (Bailey)
  18 yaks
  A shadow (D:11)
  2 wyverns
  A vampire (D:11)
  5 wraiths
  3 humans (Bailey)
  2 basilisks (Lair:2)
  Grum (D:8)
  3 steam dragons
  A two-headed ogre zombie (D:11)
  2 wargs
  An acid dragon (D:11)
  4 hell hounds (Volcano)
  7 water moccasins
  12 orc warriors
  2 black bears (D:8)
  10 wolves
  9 ogres
  4 phantoms
  6 kobold brigands
  14 bullfrogs
  3 necrophages
  2 scorpions
  A troll zombie (D:11)
  29 killer bees
  3 electric eels
  A howler monkey (D:9)
  A lava snake (Orc:1)
  4 hounds
  2 jellies (D:7)
  6 orc priests
  A gnoll bouda (D:4)
  Ijyb (D:3)
  Jessica (D:2)
  2 iguanas (D:5)
  16 orc wizards
  6 ogre zombies (D:11)
  A spectral hound (D:5)
  A howler monkey skeleton (D:5)
  10 adders
  5 gnolls
  A river rat (D:9)
  4 white imps
  3 ufetubi
  4 dart slugs
  71 orcs
  11 ball pythons
  4 endoplasms
  4 giant cockroaches
  16 goblins
  14 hobgoblins
  3 jackals
  19 kobolds
  8 bats
  3 frilled lizards (D:1)
  A goblin skeleton (D:11)
  2 goblin zombies (D:11)
  3 hobgoblin skeletons (D:11)
  3 hobgoblin zombies (D:11)
  3 orc skeletons (D:11)
  13 orc zombies (D:11)
  8 rats
451 creatures vanquished.

Vanquished Creatures (collateral kills)
  A yak (D:10)
  A necrophage (D:5)
  A water moccasin skeleton (D:5)
  A water moccasin simulacrum (D:5)
  An orc wizard (Orc:2)
  2 gnolls
  6 orcs
  2 kobolds
15 creatures vanquished.

Vanquished Creatures (others)
  A wraith (D:10)
  A human (Bailey)
  A yak (D:10)
  An orc wizard (Orc:1)
  An orc (D:4)
  A goblin (Bailey)
  A kobold (D:10)
  A ball python (D:9)
  3 fungi (Lair:2)
  9 plants
  8 withered plants (D:5)
28 creatures vanquished.

Grand Total: 494 creatures vanquished

Notes
Turn   | Place    | Note
-------+----------+-------------------------------------------
     0 | D:1      | nachturnus the Troll Monk began the quest for the Orb.
     0 | D:1      | Reached XP level 1. HP: 22/22 MP: 0/0
   117 | D:1      | Reached XP level 2. HP: 29/29 MP: 1/1
   577 | D:1      | Reached XP level 3. HP: 36/36 MP: 2/2
  1277 | D:2      | Noticed Jessica
  1281 | D:2      | Killed Jessica
  1282 | D:2      | Reached skill level 5 in Unarmed Combat
  1282 | D:2      | Reached XP level 4. HP: 44/44 MP: 3/3
  1474 | D:2      | Identified the +0 robe "Jimeotwe" {rF- SInv Stlth+}
  1991 | D:3      | HP: 2/44 [orc priest/nerve-wracking pain (14)]
  1993 | D:3      | Reached XP level 5. HP: 4/50 MP: 4/4
  2151 | D:3      | Noticed Ijyb
  2169 | D:3      | Killed Ijyb
  2311 | D:3      | Got the Tome of the Pestilent Blizzard
  2464 | D:3      | Found a hazy altar of Hepliaklqana.
  2882 | D:3      | Found a blossoming altar of Fedhas.
  3069 | D:4      | Reached XP level 6. HP: 59/59 MP: 5/5
  3192 | D:4      | Reached skill level 1 in Maces & Flails
  3426 | D:4      | Reached skill level 2 in Maces & Flails
  3433 | D:4      | Reached XP level 7. HP: 58/66 MP: 6/6
  3804 | D:5      | Entered Level 5 of the Dungeon
  3925 | D:5      | Found a snail-covered altar of Cheibriados.
  3925 | D:5      | Found a hide-covered altar of Uskayaw.
  4017 | D:5      | Reached skill level 3 in Maces & Flails
  4168 | D:5      | Noticed a wraith
  4384 | D:5      | Reached skill level 4 in Maces & Flails
  4762 | D:5      | Found the +4 dagger "Morg" {pain, Will+ Int+5}
  4776 | D:5      | Reached skill level 5 in Maces & Flails
  5042 | D:6      | Reached XP level 8. HP: 72/74 MP: 7/7
  5087 | D:6      | Reached skill level 6 in Maces & Flails
  5440 | D:6      | Gained mutation: You are agile. (Dex +4, Str/Int -1)
                  | [potion of mutation]
  5441 | D:6      | Lost mutation: You are agile. (Dex +4, Str/Int -1) [potion
                  | of mutation]
  5441 | D:6      | Gained mutation: You are weak. (Str -2) [potion of
                  | mutation]
  5441 | D:6      | Gained mutation: You passively map a small area around you.
                  | [potion of mutation]
  5441 | D:6      | Gained mutation: You sometimes lose your temper in combat.
                  | [potion of mutation]
  5442 | D:6      | Lost mutation: You passively map a small area around you.
                  | [potion of mutation]
  5442 | D:6      | Lost mutation: You are weak. (Str -2) [potion of mutation]
  5442 | D:6      | Gained mutation: You occasionally lose the ability to read
                  | scrolls when taking damage. [potion of mutation]
  5442 | D:6      | Lost mutation: You sometimes lose your temper in combat.
                  | [potion of mutation]
  5442 | D:6      | Gained mutation: You are covered in thick fur. (AC +2)
                  | [potion of mutation]
  5460 | D:7      | Reached skill level 7 in Maces & Flails
  5482 | D:7      | Identified the +3 scale mail "Uleisol" {Dex+3}
  5613 | D:7      | Found a staircase to the Ecumenical Temple.
  5637 | Temple   | Entered the Ecumenical Temple
  5842 | Temple   | Became a worshipper of Dithmenos the Shadowed
  5842 | Temple   | Reached * piety under Dithmenos
  5842 | Temple   | Reached ** piety under Dithmenos
  5876 | D:7      | Reached skill level 8 in Maces & Flails
  6242 | D:8      | Found a transporter.
  6260 | D:8      | Noticed Grum
  6273 | D:8      | Reached XP level 9. HP: 75/80 MP: 8/8
  6275 | D:8      | Reached skill level 9 in Maces & Flails
  6277 | D:8      | Killed Grum
  6363 | D:8      | Found a transporter.
  6655 | D:8      | Found a staircase to the Lair.
  6655 | D:8      | Noticed an elephant
  6680 | D:8      | Reached skill level 10 in Maces & Flails
  6833 | D:8      | Found Beozxa's Armour Boutique.
  7010 | D:8      | Reached *** piety under Dithmenos
  7093 | D:8      | Killed an elephant
  7094 | D:8      | Reached skill level 11 in Maces & Flails
  7511 | D:9      | Identified the amulet of Ashenzari's Regard {Fragile rElec
                  | Regen+ Int+3}
  7885 | D:9      | Reached XP level 10. HP: 82/88 MP: 9/9
  7904 | D:9      | Found a flagged portal.
  7921 | Bailey   | Entered a bailey
  8003 | Bailey   | Reached skill level 12 in Maces & Flails
  8018 | Bailey   | Noticed a vault guard
  8018 | Bailey   | Noticed Prince Ribbit
  8040 | Bailey   | Killed a vault guard
  8063 | Bailey   | Killed Prince Ribbit
  8148 | Bailey   | Noticed a vault guard
  8258 | Bailey   | Killed a vault guard
  8259 | Bailey   | Reached skill level 13 in Maces & Flails
  8413 | D:9      | Found an ornate altar of the Wu Jian Council.
  8554 | D:9      | Got Selator's Handbook of Nature
  8817 | D:10     | Entered Level 10 of the Dungeon
  8835 | D:10     | Noticed Maggie
  9071 | D:10     | Noticed Josephine
  9115 | D:10     | Reached **** piety under Dithmenos
  9123 | D:10     | Killed Josephine
  9124 | D:10     | Reached skill level 14 in Maces & Flails
  9127 | D:10     | Reached XP level 11. HP: 73/94 MP: 10/10
  9351 | D:10     | Killed Maggie
 10227 | D:11     | Noticed a white ugly thing
 10282 | D:11     | Noticed a two-headed ogre
 10302 | D:11     | Killed a two-headed ogre
 10774 | Lair:1   | Entered Level 1 of the Lair of Beasts
 10815 | Lair:1   | Identified the +3 tower shield of Music {Contam Will+
                  | Regen+ Stlth+}
 10874 | Lair:1   | Reached skill level 15 in Maces & Flails
 11080 | Lair:1   | Reached skill level 5 in Fighting
 11671 | Lair:1   | Reached skill level 1 in Shields
 12009 | Lair:1   | Reached XP level 12. HP: 113/113 MP: 11/11
 12210 | Lair:2   | Found a hole to the Spider Nest.
 12280 | Lair:2   | Reached XP level 13. HP: 102/120 MP: 12/12
 12357 | Lair:2   | Found a one-way gate to the infinite horrors of the Abyss.
 12357 | Lair:2   | Noticed croobank's ghost (journeyman DsCj)
 12412 | Lair:2   | Reached ***** piety under Dithmenos
 12413 | Lair:2   | Found a transporter.
 12982 | Lair:2   | Found a staircase to the Swamp.
 13103 | Lair:2   | Found a transporter.
 13229 | Spider:1 | Entered Level 1 of the Spider Nest
 13629 | D:11     | Found a staircase to the Orcish Mines.
 13873 | D:11     | Found a portal to a secret trove of treasure.
 14332 | Orc:1    | Entered Level 1 of the Orcish Mines
 14342 | Orc:1    | Found Odysanie's Antique Weapon Emporium.
 14457 | Orc:1    | Found a dark tunnel.
 14499 | Volcano  | Entered a volcano
 14822 | Volcano  | Reached skill level 10 in Unarmed Combat
 14895 | Volcano  | Noticed a fire dragon
 14936 | Volcano  | Killed a fire dragon
 15138 | Orc:1    | Reached skill level 10 in Shields
 15141 | Orc:1    | Found a shimmering blue altar of Sif Muna.
 15177 | Orc:1    | Paralysed by an orc sorcerer for 3 turns
 15461 | Orc:1    | Found Nabrar's Magic Scroll Shoppe.
 15673 | Orc:2    | Entered Level 2 of the Orcish Mines
 15744 | Orc:1    | Reached ****** piety under Dithmenos
 15922 | Orc:2    | Noticed an ettin
 15947 | Orc:2    | Killed an ettin
 16132 | Orc:1    | Found Mimuk's Magic Scroll Emporium.
 16150 | Orc:1    | Bought a scroll of silence for 123 gold pieces
 16150 | Orc:1    | Bought a scroll of enchant armour for 97 gold pieces
 16150 | Orc:1    | Bought a scroll of acquirement for 676 gold pieces
 16150 | Orc:1    | Acquired a manual of Spellcasting
 16175 | Orc:2    | Noticed Rupert
 16502 | Orc:2    | HP: 3/90 [Rupert/+5 great mace of draining (7)]
 16502 | Orc:2    | Slain by Rupert

Illustrated notes

Levels and vault maps discovered:
D:1:      spicycebolla_arrival_ecumenical, layout_basic
D:2:      layout_loops_corners, minmay_heptomino_l4, uniq_jessica
D:3:      layout_basic, mainiacjoe_overflow_concentric_impassable,
          marbit_many_paths, uniq_ijyb
D:4:      layout_basic
D:5:      layout_rooms, nicolae_overflow_two_pavilions,
          dilly_guarded_unrand_morg
D:6:      layout_basic, minivault_24
D:7:      layout_rooms, minmay_temple_entry_grid, grunt_decor_fettered,
          serial_bayou_pond_d, grunt_ministairs_1
D:8:      corexii_shack_village, layout_loops_ring, david_lair_generic,
          serial_shops, nicolae_shop_advertising_works
          [nicolae_subvault_shop_adworks], nicolae_diode_stairs, uniq_grum
D:9:      layout_roguey, nicolae_wu_jian_immortal_techniques, enter_bailey_5,
          minivault_24, introduction_to_nature_1
D:10:     layout_stronghold, dreamdust_mushroom_princess, uniq_maggie,
          uniq_josephine
D:11:     layout_loops_cross, zombieorc2_lemuel, enter_trove_1, special_room
          [special_room_bee]
Temple:   nicolae_temple_bog_church
Lair:1:   layout_chaotic_city, gammafunk_lair_bear_cave, grunt_megastairs_1,
          serial_bayou_shore_a
Lair:2:   layout_concentric_octagons, swamp_mist_pool, dummy_spider_entry,
          gammafunk_ghost_abyssal_escape, guppyfry_lair_drakes,
          grunt_megastairs_2
Lair:3:   dreamdust_isle_of_ice, layout_chaotic_city,
          maelrawn_ghost_gauntlet_escape, basic_altar, lemuel_fruit_fields
Spider:1: layout_chambers, nicolae_spider_some_kinda_spiderbox, uniq_louise,
          uniq_roxanne
Orc:1:    layout_diamond_mine, lightli_volcano_entry_magma_tube, serial_shops,
          nicolae_lakefront_shop, shop, nicolae_shop_trees,
          statue_in_the_mist_lemuel, kennysheep_orc_sif_temple
Orc:2:    pubby_orc_utopia, serial_shops, uniq_rupert, uniq_urug

Skill      XL: |  1  2  3  4  5  6  7  8  9 10 11 12 13 |
---------------+----------------------------------------+-----
Unarmed Combat | 4 5 6 7 11 | 11.1
Maces & Flails | 2 5 8 11 14 15 | 15.4
Fighting       | 5 |  5.9
Shields        | 7 10 | 10.8
Dodging        | |  2.4
Stealth        | |  1.0

Action                   |  1- 3 |  4- 6 |  7- 9 | 10-12 | 13-15 || total
-------------------------+-------+-------+-------+-------+-------++-------
Melee: Unarmed           |    87 |   122 |   396 |   228 |   667 ||  1500
       Punch             |       |     1 |       |       |       ||     1
       Giant spiked club |       |       |       |   187 |       ||   187
       Mace              |       |       |       |       |    14 ||    14
  Use: Scroll            |     5 |     6 |     9 |     4 |     7 ||    31
       Potion            |       |     3 |     8 |     7 |    10 ||    28
 Stab: Sleeping          |     3 |     1 |     1 |     2 |     8 ||    15
       Distracted        |       |       |       |     3 |     2 ||     5
Armor: Robe              |    30 |    33 |   113 |    26 |       ||   202
       Acid dragon scale |       |       |       |   102 |   121 ||   223
       Fire dragon scale |       |       |       |       |    40 ||    40
Dodge: Dodged            |    47 |    45 |   270 |   304 |   186 ||   852
Block: Other             |       |    12 |       |    59 |       ||    71
       Reflection        |       |     4 |     2 |     1 |     5 ||    12
       Orb               |       |    13 |    86 |    18 |       ||   117
       Tower shield      |       |       |       |    93 |   826 ||   919
